 Dungeon Crawl Stone Soup version 0.27-a0-898-g810843a28d (webtiles) character file.

Game seed: 4263563340613093527

18 Lanoc the Caller (level 2, -4/19 HPs)
             Began as a Barachi Summoner on Apr 5, 2021.
             Slain by a hobgoblin
             ... wielding a +0 hand axe
              (6 damage)
             ... on level 1 of the Dungeon.
             The game lasted 00:02:00 (1494 turns).

Lanoc the Caller (Barachi Summoner)                 Turns: 1494, Time: 00:02:00

Health: -4/19      AC:  2    Str:  9    XL:     2   Next: 70%
Magic:  3/5        EV: 12    Int: 15    God:
Gold:   12         SH:  0    Dex: 12    Spells: 2/5 levels left

rFire    . . .     SeeInvis .   c - +0 dagger
rCold    . . .     Faith    .   (no shield)
rNeg     . . .     Spirit   .   a - +0 robe
rPois    .         Reflect  .   (no helmet)
rElec    .         Harm     .   (no cloak)
rCorr    .         Rampage  .   (no gloves)
Will     .....                  (no boots)
Stlth    ++........             (no amulet)
HPRegen  0.06/turn              (no ring)
MPRegen  0.09/turn              (no ring)

@: slow
A: +LOS, amphibious, slowness 1, strong legs 1
a: Hop


You were on level 1 of the Dungeon.
You visited 1 branch of the dungeon, and saw 1 of its levels.

You collected 12 gold pieces.

Inventory:

Hand Weapons
 c - a +0 dagger (weapon)
Armour
 a - a +0 robe (worn)
Scrolls
 b - 2 scrolls of identify {unknown}
 d - 2 scrolls of teleportation {unknown}
Potions
 e - a potion of berserk rage {unknown}
 f - a potion of haste {unknown}


   Skills:
 + Level 2.6 Dodging
 - Level 1.7 Stealth
 - Level 2.1 Spellcasting
 * Level 5.4 Summonings


You had 2 spell levels left.
You knew the following spells:

 Your Spells              Type           Power      Damage    Failure   Level
a - Summon Small Mammal   Summ           72%        N/A       2%          1
b - Call Imp              Summ           18%        N/A       3%          2

Your spell library contained the following spells:

 Spells                   Type           Power      Damage    Failure   Level
 Call Canine Familiar     Summ           18%        N/A       7%          3
 Summon Guardian Golem    Hex/Summ       9%         N/A       22%         3
 Summon Ice Beast         Ice/Summ       9%         N/A       56%         4
 Summon Lightning Spire   Summ/Air       9%         N/A       56%         4


Dungeon Overview and Level Annotations

Branches:
Dungeon (1/15)

Altars:


Innate Abilities, Weirdness & Mutations

You can be seen from farther away. (+LOS)
You are amphibious.
You cover ground slowly.
You can hop short distances.


Message History

The jackal closely misses you. The jackal barely misses you.
You hit the jackal.
The jackal is moderately wounded.
The jackal closely misses you.
Your crimson imp barely misses the jackal.
You hit the jackal.
The jackal is heavily wounded.
The jackal barely misses you.
Your crimson imp barely misses the jackal.
You hit the jackal but do no damage.
The jackal is heavily wounded.
The jackal barely misses you. The jackal bites you.
Your crimson imp blinks!
You closely miss the jackal.
The jackal is heavily wounded.
The jackal bites you.
You completely miss the jackal.
The jackal is heavily wounded.
The jackal bites you.
The jackal bites you but does no damage.
You hit the jackal.
The jackal is almost dead.
The jackal closely misses you.
You hit the jackal but do no damage.
The jackal is almost dead.
The jackal closely misses you.
You hit the jackal.
You kill the jackal!
You barely miss the hobgoblin.
The hobgoblin hits you with a +0 hand axe!
* * * LOW HITPOINT WARNING * * *
You hit the hobgoblin but do no damage.
Your crimson imp blinks!
The hobgoblin closely misses you. The hobgoblin barely misses you.
The hobgoblin hits your crimson imp with a +0 hand axe.
Your crimson imp closely misses the hobgoblin.
The hobgoblin hits you with a +0 hand axe.
You die...

.###.###..###.#.##.##.# #.
.# #.# #..............# #.
.# #.# #..###.#.##.##.#
########' ####.###..#
#.#.##.##.# #........
..........# #...##.##.#
#.#######
###.####..###.####.##.# #.#
. #..#.....##.##.# #.#
#..............# #.#
#.##.....@..######.# #####
#.##....g#### #...# #..>.
..##.....#######.#####.###
#######..5...........##.###
#..########.##.##.##. #..#
######.##.##.##.
#..###......##.##.##.
#....5..........>....
#.####)####.#########


You could see a hobgoblin (ally target) and a friendly crimson imp (summoned).

Vanquished Creatures
  A giant cockroach (D:1)
  2 goblins (D:1)
  A jackal (D:1)
  A ball python (D:1)
  2 bats (D:1)
  A kobold (D:1)
  2 rats (D:1)
10 creatures vanquished.

Vanquished Creatures (collateral kills)
  A dart slug (D:1)
  2 bats (D:1)
  An endoplasm (D:1)
  4 hobgoblins (D:1)
  2 goblins (D:1)
  2 kobolds (D:1)
  A rat (D:1)
13 creatures vanquished.

Grand Total: 23 creatures vanquished

Notes
Turn   | Place    | Note
-------+----------+-------------------------------------------
     0 | D:1      | Lanoc the Barachi Summoner began the quest for the Orb.
     0 | D:1      | Reached XP level 1. HP: 13/13 MP: 3/3
   656 | D:1      | Reached skill level 5 in Summonings
   947 | D:1      | Reached XP level 2. HP: 18/19 MP: 5/5
   950 | D:1      | Learned a level 2 spell: Call Imp
  1494 | D:1      | Slain by a hobgoblin

Illustrated notes

Levels and vault maps discovered:
D:1:      evilmike_arrival_plus, layout_loops_ring, minmay_tetromino_l4

Skill      XL: |  1 |
---------------+----+-----
Summonings     | 5 |  5.4
Dodging        | |  2.6
Stealth        | |  1.7
Spellcasting   | |  2.1

Action                   || total
-------------------------++-------
Melee: Unarmed           ||    29
       Dagger            ||    64
 Cast: Summon Small Mamm ||    14
       Call Imp          ||     7
 Stab: Sleeping          ||     1
Armor: Robe              ||    43
Dodge: Dodged            ||    69

Table legend: (Time is in decaauts)
 A = Elapsed time spent in this place.
 B = Non-inter-level travel time spent in this place.
 C = Inter-level travel time spent in this place.
 D = Time resting spent in this place.
 E = Time spent auto-exploring this place.
 F = Levels seen in this place.
 G = Mean time per level.
                   A        B        C        D        E       F      G
               +--------+--------+--------+--------+--------+-----+--------+
         Total |   1567 |   1567 |      0 |      0 |   1333 |   1 | 1567.0 |
       Dungeon |   1567 |   1567 |      0 |      0 |   1333 |   1 | 1567.0 |
               +--------+--------+--------+--------+--------+-----+--------+

Top non-repeatable levels by time:
     D:1: 1567 daAuts
